 Dungeon Crawl Stone Soup version 0.24.0-123-gd5b16e6ec5 (webtiles) character file.

Game seed: 9375212315339733475, levelgen mode: deterministic

44 Froggeryz the Ducker (level 3, -6/30 HPs)
             Began as a Minotaur Fire Elementalist on Jan 3, 2020.
             Mangled by an ice beast (10 damage)
             ... on level 2 of the Dungeon.
             The game lasted 00:01:11 (736 turns).

Froggeryz the Ducker (Minotaur Fire Elementalist)    Turns: 736, Time: 00:01:12

Health: -6/30      AC:  4    Str: 13    XL:     3   Next: 39%
Magic:  4/4        EV: 12    Int: 12    God:
Gold:   75         SH:  0    Dex: 10    Spells: 3/4 levels left

rFire    . . .     SeeInvis .   a - +2 whip (vamp)
rCold    . . .     Gourm    .   (no shield)
rNeg     . . .     Faith    .   b - +0 leather armour
rPois    .         Spirit   .   (helmet restricted)
rElec    .         Reflect  .   (no cloak)
rCorr    .         Harm     .   (no gloves)
MR       .....                  g - +0 pair of boots
Stlth    +.........             (no amulet)
HPRegen  0.10/turn              (no ring)
MPRegen  0.09/turn              (no ring)

@: no status effects
A: retaliatory headbutt, horns 2
a: no special abilities


You were on level 2 of the Dungeon.
You were not hungry.

You visited 1 branch of the dungeon, and saw 2 of its levels.

You collected 75 gold pieces.

Inventory:

Hand Weapons
 a - a +2 vampiric whip (weapon)
Missiles
 j - 12 poisoned darts (quivered)
Armour
 b - a +0 leather armour (worn)
 g - a +0 pair of boots (worn)
Scrolls
 e - a scroll of identify {unknown}
 f - 2 scrolls of teleportation {unknown}
 i - a scroll of fog {unknown}
Potions
 d - 2 potions of heal wounds {unknown}
 h - a potion of curing {unknown}
Comestibles
 c - 6 rations


   Skills:
 * Level 2.9 Fighting
 + Level 0.8 Maces & Flails
 + Level 2.9 Dodging
 - Level 1.5 Stealth
 - Level 1.3 Spellcasting
 - Level 0.6 Conjurations
 - Level 2.1 Fire Magic


You had 3 spell levels left.
You knew the following spells:

 Your Spells              Type           Power        Failure   Level  Hunger
a - Flame Tongue          Conj/Fire      #....        22%         1    ##.....

Your spell library contained the following spells:

 Spells                   Type           Power        Failure   Level  Hunger
 Throw Flame              Conj/Fire      #.....       32%         2    ###....
 Conjure Flame            Conj/Fire      #.......     54%         3    ####...
 Inner Flame              Hex/Fire       #.......     56%         3    ####...
 Sticky Flame             Conj/Fire      #.......     91%         4    #####..
 Fireball                 Conj/Fire      #.........   99%         5    ######.


Dungeon Overview and Level Annotations

Branches:
Dungeon (2/15)

Altars:
Dithmenos


Innate Abilities, Weirdness & Mutations

You reflexively headbutt those who attack you in melee.
You have a pair of horns on your head.


Message History

An ice beast is nearby!
An ice beast is nearby!
Okay, then.
Throwing (i - inventory)
j - 13 poisoned darts (quivered)
Press: ? - help, Shift-Dir - straight line, f - ice beast
Aim: an ice beast You throw a poisoned dart.
The poisoned dart hits the ice beast.
The ice beast hits you. The ice beast freezes you!
You barely miss the ice beast. Your headbutt misses the ice beast.
The ice beast closely misses you.
You hit the ice beast but do no damage.
The ice beast hits you but does no damage.
You hit the ice beast.
You feel better.
Your headbutt misses the ice beast.
The ice beast is lightly wounded.
The ice beast hits you. The ice beast freezes you!
* * * LOW HITPOINT WARNING * * *
The ice beast hits you.
* * * LOW HITPOINT WARNING * * *
The ice beast freezes you!
You die...

.......)###........##... ..
....##..###..##......... #).
....###..#..###.........#<..# #..
.....##.....##..............# #..
............................# ..
...##.........##..####......# ..
..####..._...####.# #......#####
...##.........##..####...........
..............(Y@.............>..
..#..##.....##...................
....###..#..###........#.........
..#.##..###..##........#.........
..#.....# #............#.........
..##..... .....#########.........
.. ####.. ..#### #......... ..
#.. ### #......... #.........


You could see an ice beast.

Vanquished Creatures
  An adder (D:2)
  A dart slug (D:1)
  A leopard gecko (D:1)
  A ball python (D:1)
  3 bats (D:1)
  2 giant cockroaches
  6 goblins
  2 hobgoblins
  3 jackals (D:1)
  2 kobolds (D:1)
  5 rats
27 creatures vanquished.

Notes
Turn   | Place    | Note
-------+----------+-------------------------------------------
     0 | D:1      | Froggeryz the Minotaur Fire Elementalist began the quest
                  | for the Orb.
     0 | D:1      | Reached XP level 1. HP: 14/14 MP: 1/1
    96 | D:1      | Reached skill level 1 in Fighting
   157 | D:1      | Reached XP level 2. HP: 24/24 MP: 3/3
   553 | D:1      | Reached XP level 3. HP: 30/30 MP: 4/4
   684 | D:2      | Found a shadowy altar of Dithmenos.
   714 | D:2      | Noticed an ice beast
   736 | D:2      | Mangled by an ice beast

Levels and vault maps discovered:
D:1:      dpeg_arrival_tiny_j, layout_basic, minmay_pentomino_q2
D:2:      layout_basic, nicolae_dithmenos_shadow_blocks, lemuel_doored_altar,
          first_ration

Skill      XL: |  1  2 |
---------------+-------+-----
Fighting       | 1 2 |  2.9
Maces & Flails | |  0.8
Dodging        | |  2.9
Stealth        | |  1.5
Spellcasting   | |  1.3
Conjurations   | |  0.6
Fire Magic     | |  2.1

Action                   || total
-------------------------++-------
Melee: Whip              ||    60
       Unarmed           ||     4
       Headbutt          ||     5
Throw: Dart              ||     1
Armor: Leather armour    ||    30
Dodge: Dodged            ||    58
